 Seeded DCSS version 0.29.0-11-gd7f09526c8 (webtiles) character file.

Game seed: 3121381558354691732 (custom seed)

15 purpskrrrp the Sneak (level 2, 23/23 HPs)
             Began as a Formicid Brigand on Sept 6, 2022.
             Quit the game on level 1 of the Dungeon.
             The game lasted 00:02:36 (1105 turns).

purpskrrrp the Sneak (Formicid Brigand)             Turns: 1105, Time: 00:02:37

Health: 23/23      AC:  3    Str: 15    XL:     2   Next: 65%
Magic:  2/2        EV: 12    Int: 10    God:
Gold:   80         SH:  0    Dex: 15    Spells: 1/1 levels left

rFire   . . .      SeeInvis +   a - +2 dagger
rCold   . . .      Faith    .   (no shield)
rNeg    . . .      Spirit   .   b - +0 robe
rPois   .          Reflect  .   (helmet unavailable)
rElec   .          Harm     .   c - +0 cloak
rCorr   .          Rampage  .   (no gloves)
Will    .....                   (no boots)
Stlth   +++.......              (no amulet)
HPRegen 0.07/turn               (no ring)
MPRegen 0.08/turn               (no ring)

@: no status effects
A: permanent stasis, dig shafts and tunnels, antennae 3, four strong arms
a: Dig, Shaft Self


You were on level 1 of the Dungeon.
You visited 1 branch of the dungeon, and saw 1 of its levels.

You collected 80 gold pieces.

Inventory:

Hand Weapons
 a - a +2 dagger (weapon)
Missiles
 d - 15 poisoned darts (quivered)
 e - 3 curare-tipped darts
 m - 2 throwing nets
Armour
 b - a +0 robe (worn)
 c - a +0 cloak (worn)
Jewellery
 k - a +6 ring of strength
Scrolls
 f - 2 scrolls of identify {unknown}
 g - 2 scrolls of amnesia
 i - a scroll of enchant weapon {unknown}
 j - a scroll of magic mapping {unknown}
Potions
 h - a potion of magic {unknown}


   Skills:
 + Level 2.4 Fighting
 + Level 2.2 Short Blades
 + Level 2.2 Throwing
 + Level 1.2 Dodging
 + Level 5.0 Stealth


You had one spell level left.
You didn't know any spells.
Your spell library contained the following spells:

 Spells                   Type           Power      Damage    Failure   Level
 Sting                    Tmut/Pois      0%         1d3       36%         1


Dungeon Overview and Level Annotations

Branches:
Dungeon (1/15)

Altars:


Innate Abilities, Weirdness & Mutations

You cannot be hasted, slowed, berserked, paralysed or teleported.
You can dig through walls and to a lower floor.
You have a pair of large antennae on your head. (SInv)
Your four strong arms can wield two-handed weapons with a shield.


Message History

A rat comes into view.
A rat is nearby!
A rat is nearby!
The helpless rat fails to defend itself.
You impale the rat!!
You kill the rat!
No target in view!
No target in view!
No target in view!
No target in view!
No target in view!
No target in view!
No target in view!
No target in view!
No target in view!
Found an escape hatch in the floor.
Found a dagger.
You now have 80 gold pieces (gained 13).
Found a faded altar of an unknown god.
k - a +6 ring of strength No target in view!
You pick up Plato's Secrets of Vitiation and begin reading...
You add the spell Sting to your library.
There is a faded altar of an unknown god here.
l - 3 scrolls labelled FOERYJ HUOFICW
m - 2 throwing nets You see here a rat skeleton.
Key pressed, stopping explore.
Done exploring.
Done exploring.
Done exploring.
Done exploring.
As you read the scroll labelled SEMNARR YZOISM, it crumbles to dust.
It is a scroll of amnesia.
You feel forgetful for a moment.
This is a scroll of acquirement!
Something appears at your feet! Something appears at your feet!
You see here a manual of Long Blades.
Something appears at your feet!
Are you sure you want to abandon this character and quit the game? (Confirm with "yes".)

##################
#@...............#
#.##############.#
#.# #######.#
#.###### #........
####......#
#.#####.#
#.....###.# #.#
#.. #.###.# #.#
#.# ### #.# #.#
#.###.# #.# #.#
#.....#


There were no monsters in sight!

Vanquished Creatures
  3 bats (D:1)
  An endoplasm (D:1)
  3 goblins (D:1)
  A hobgoblin (D:1)
  2 jackals (D:1)
  A frilled lizard (D:1)
  3 rats (D:1)
14 creatures vanquished.

Notes
Turn   | Place    | Note
-------+----------+-------------------------------------------
     0 | D:1      | purpskrrrp the Formicid Brigand began the quest for the
                  | Orb.
     0 | D:1      | Reached XP level 1. HP: 16/16 MP: 1/1
   233 | D:1      | Reached skill level 1 in Dodging
   397 | D:1      | Reached XP level 2. HP: 8/23 MP: 2/2
   399 | D:1      | Reached skill level 5 in Stealth
   957 | D:1      | Found a faded altar of an unknown god.
   966 | D:1      | Got Plato's Secrets of Vitiation
  1102 | D:1      | Identified 3 scrolls of acquirement
  1102 | D:1      | Acquired 624 gold pieces
  1103 | D:1      | Acquired a +2 rapier of electrocution
  1104 | D:1      | Acquired a manual of Long Blades
  1105 | D:1      | Quit the game

Illustrated notes

Levels and vault maps discovered:
D:1:      minmay_arrival_glassed_features, layout_loops_ring,
          shapermc_ecumenical_altar_rom_forum, nicolae_kite_square_tiling_tiny

Skill      XL: |  1  2 |
---------------+-------+-----
Dodging        | 1 |  1.2
Stealth        | 5 |  5.0
Fighting       | |  2.4
Short Blades   | |  2.2
Throwing       | |  2.2

Action                   || total
-------------------------++-------
Melee: Dagger            ||    58
  Use: Scroll            ||     4
 Stab: Sleeping          ||     3
Armor: Robe              ||    26
Dodge: Dodged            ||    65
